 Dungeon Crawl Stone Soup version 0.31-a0-828-gb7646bb5e3 (webtiles) character file.

Game seed: 910780488123406666

19 Descartes the Digger (level 2, -1/17 HPs)
             Began as a Deep Elf Wanderer on Sept 24, 2023.
             Succumbed to an adder's poison
             ... on level 2 of the Dungeon.
             The game lasted 00:02:09 (1137 turns).

Descartes the Digger (Deep Elf Wanderer)            Turns: 1137, Time: 00:02:10

Health: -1/17      AC:  2    Str:  6    XL:     2   Next: 55%
Magic:  4/7        EV: 12    Int: 16    God:
Gold:   60         SH:  0    Dex: 17    Spells: 4/5 levels left

rFire   . . .        a - +0 quarterstaff
rCold   . . .        (shield currently unavailable)
rNeg    . . .        d - +0 robe
rPois   .            (no helmet)
rElec   .            (no cloak)
rCorr   .            (no gloves)
SInv    .            (no boots)
Will    .....        (no amulet)
Stlth   ++           (no ring)
HPRegen 0.22/turn    (no ring)
MPRegen 0.10/turn

%: no passive effects
@: lethally poisoned (-1 -> -4)
A: no striking features
a: no special abilities


You were on level 2 of the Dungeon.
You visited 1 branch of the dungeon, and saw 2 of its levels.

You collected 60 gold pieces.

Inventory:

Hand Weapons
 a - a +0 quarterstaff (weapon)
Missiles
 f - 3 javelins
Armour
 d - a +0 robe (worn)
Wands
 b - a wand of polymorph (6)
Scrolls
 g - a scroll of identify {unknown}
Potions
 c - a potion of berserk rage
 e - a potion of magic {unknown}
 h - a potion of resistance {unknown}
 i - a potion of attraction {unknown}


   Skills:
 + Level 1.7 Fighting
 + Level 1.4 Staves
 + Level 1.5 Dodging
 + Level 2.0 Spellcasting
 + Level 0.3 Conjurations
 + Level 3.4 Earth Magic
 - Level 1.0 Invocations
 + Level 1.5 Evocations


You had 4 spell levels left.
You knew the following spells:

 Your Spells              Type           Power      Damage    Failure   Level
a - Sandblast             Erth           24%        2d8       4%          1

Your spell library contained the following spells:

 Spells                   Type           Power      Damage    Failure   Level
 Stone Arrow              Conj/Erth      14%        3d7       28%         3
 Leda's Liquefaction      Hex/Erth       3%         N/A       71%         4


Dungeon Overview and Level Annotations

Branches:
Dungeon (2/15)

Altars:
Wu Jian


Message History

Aim: an endoplasm (98% to hit)
The blast of sand hits the endoplasm!
You kill the endoplasm!
A worm comes into view.
The adder barely misses you. The hobgoblin closely misses you.
Unknown command.
The adder attacks as it pursues you! The adder bites you.
The adder attacks as it pursues you! The adder bites you but does no damage.
The hobgoblin attacks as it pursues you!
The hobgoblin hits you. The adder bites you.
Casting: Sandblast (safe; 4% risk of failure)
Confirm with . or Enter, or press ? or * to list all spells.
Aiming: Sandblast (safe; 4% risk of failure)
Press: ? - help, Shift-Dir - straight line, f - adder
Aim: an adder (70% to hit)
The blast of sand hits the adder.
The adder is heavily wounded.
The adder bites you.
You are poisoned.
The adder poisons you! The adder bites you.
Casting: Sandblast (safe; 4% risk of failure)
Confirm with . or Enter, or press ? or * to list all spells.
Aiming: Sandblast (safe; 4% risk of failure)
Press: ? - help, Shift-Dir - straight line, f/p - adder
Aim: an adder (heavily wounded, 70% to hit)
The blast of sand misses the adder.
The blast of sand hits the hobgoblin!
You kill the hobgoblin!
* * * LOW HITPOINT WARNING * * *
You feel sick. The adder bites you.
* * * LOW HITPOINT WARNING * * *
The adder bites you.
* * * LOW HITPOINT WARNING * * *
Casting: Sandblast (safe; 4% risk of failure)
Confirm with . or Enter, or press ? or * to list all spells.
Aiming: Sandblast (safe; 4% risk of failure)
Press: ? - help, Shift-Dir - straight line, f/p - adder
Aim: an adder (heavily wounded, 70% to hit)
The blast of sand hits the adder!
You kill the adder!
You die...

.... #..# #.#####
#..#
###....<#####..##
................#
#######.#########.###
................†...#
#######.#############
#.# #@# #.######
#......# #......##
#'.._...#
:.............#
..............#
..........##..#
....$...... .##


There were no monsters in sight!

Vanquished Creatures
  An adder (D:2)
  3 endoplasms
  2 goblins (D:1)
  3 hobgoblins
  2 quokkas (D:1)
  2 ball pythons (D:1)
  A bat (D:2)
  3 rats (D:1)
  A spectral kobold (D:1)
18 creatures vanquished.

Notes
Turn   | Place    | Note
-------+----------+-------------------------------------------
     0 | D:1      | Descartes the Deep Elf Wanderer began the quest for the
                  | Orb.
     0 | D:1      | Descartes set off with the following items: a +0
                  | quarterstaff, a wand of polymorph (6), a potion of berserk
                  | rage, a +0 robe; and the following spell memorised:
                  | Sandblast; and the following spells available to memorise:
                  | Stone Arrow, Leda's Liquefaction.
     0 | D:1      | Reached XP level 1. HP: 12/12 MP: 5/5
    93 | D:1      | Found a faded altar of an unknown god.
   530 | D:1      | Reached XP level 2. HP: 16/17 MP: 1/6
  1123 | D:2      | Found an ornate altar of the Wu Jian Council.
  1137 | D:2      | Succumbed to an adder's poison

Illustrated notes

Levels and vault maps discovered:
D:1:      minmay_arrival_stone_box, layout_basic,
          dreamdust_ecumenical_altar_drowned_temple, minivault_5
D:2:      layout_basic, basic_altar, grunt_decor_one_mirror,
          kennysheep_generic_room_9, uniq_sigmund, uniq_robin

Skill      XL: |  1  2 |
---------------+-------+-----
Spellcasting   | 2 |  2.0
Fighting       | |  1.7
Staves         | |  1.4
Dodging        | |  1.5
Conjurations   | |  0.3
Earth Magic    | |  3.4
Invocations    | |  1.0
Evocations     | |  1.5

Action                     || total
---------------------------++-------
   Cast: Sandblast         ||    25
 Armour: Robe              ||    13
  Dodge: Dodged            ||     9

Table legend: (Time is in decaauts)
 A = Elapsed time spent in this place.
 B = Non-inter-level travel time spent in this place.
 C = Inter-level travel time spent in this place.
 D = Time resting spent in this place.
 E = Time spent auto-exploring this place.
 F = Levels seen in this place.
 G = Mean time per level.
                   A        B        C        D        E       F      G
               +--------+--------+--------+--------+--------+-----+--------+
         Total |   1157 |   1139 |     18 |      0 |   1024 |   2 |  578.5 |
       Dungeon |   1157 |   1139 |     18 |      0 |   1024 |   2 |  578.5 |
               +--------+--------+--------+--------+--------+-----+--------+

Top non-repeatable levels by time:
     D:1: 1111 daAuts
     D:2: 46 daAuts
